 Dungeon Crawl Stone Soup version 0.31.0-11-ge490571c62 (webtiles) character file.

Game seed: 17742280675343436155

340 Rassilon the Insei (level 6, 0/49 HPs)
             Began as a Demonspawn Monk on Jan 30, 2024.
             Splashed by a jelly's acid (9 damage)
             ... on level 4 of the Dungeon.
             The game lasted 00:23:42 (3862 turns).

Rassilon the Insei (Demonspawn Monk)                Turns: 3862, Time: 00:23:43

Health: 0/49       AC:  9    Str: 12    XL:     6   Next: 30%
Magic:  6/6        EV: 14    Int: 10    God:
Gold:   126        SH:  0    Dex: 17    Spells: 5/5 levels left

rFire   . .          .
                       - Unarmed
rCold   . . .        (no shield)
rNeg    . . .        a - +0 robe
rPois   .            g - +0 helmet
rElec   .            (no cloak)
rCorr   .            (no gloves)
SInv    .            (no boots)
Will    .....        (no amulet)
Stlth   ++           (no ring)
HPRegen 0.28/turn    (no ring)
MPRegen 0.10/turn

%: no passive effects
@: mighty, sanguine armoured
A: ignite blood 1, sanguine armour 1, demonic magic 2
a: no special abilities


You were on level 4 of the Dungeon.
You visited 1 branch of the dungeon, and saw 4 of its levels.

You collected 202 gold pieces.
You spent 76 gold pieces at shops.

Inventory:

Missiles
 i - 6 poisoned darts (quivered)
Armour
 a - a +0 robe (worn)
 g - a +0 helmet (worn)
Scrolls
 c - 2 scrolls of identify
 d - a scroll of fog
 f - 2 scrolls of teleportation
 j - a scroll of fear {unknown}
 k - a scroll of poison {unknown}
Potions
 b - a potion of might
 h - 2 potions of resistance


   Skills:
 + Level 4.5 Fighting
 + Level 4.1 Dodging
 * Level 4.7 Unarmed Combat


You had 5 spell levels left.
You didn't know any spells.
Your spell library contained the following spells:

 Spells                   Type           Power      Damage    Failure   Level
 Cigotuvi's Dreadful Rot  Necr/Alch/Air  0%         N/A       50%         2
 Dispel Undead            Necr           0%         3d6       98%         4
 Martyr's Knell           Necr/Summ      0%         N/A       98%         4
 Death Channel            Necr           0%         N/A       100%        6


Dungeon Overview and Level Annotations

Branches:
Dungeon (4/15)
 Temple: D:4-7

Altars:
Hepliaklqana
Nemelex Xobeh

Shops:
D:2 ?   D:3 ?

Annotations:
D:3 1 runed translucent door, atomiclemming's ghost, amateur DrBe


Innate Abilities, Weirdness & Mutations

Your demonic aura sometimes causes spilled blood to erupt in flames.
When seriously injured, your blood forms armour. (AC +6)
Spells you cast may paralyse nearby enemies.


Message History

You closely miss the scorpion.
The scorpion is heavily wounded.
You feel sick. The scorpion barely misses you.
You hit the scorpion.
The scorpion is almost dead.
You feel sick. The scorpion barely misses you.
You closely miss the scorpion.
The scorpion is severely wounded.
You feel sick. The scorpion barely misses you.
You hit the scorpion.
The scorpion is almost dead.
You feel sick.
The scorpion stings you but does no damage.
You closely miss the scorpion.
The scorpion is almost dead.
You feel sick. The scorpion stings you.
* * * LOW HITPOINT WARNING * * *
You feel very mighty all of a sudden.
You feel sick. The scorpion closely misses you.
You barely miss the scorpion.
The scorpion is almost dead.
You feel sick. The scorpion barely misses you. The scorpion closely misses you.
You barely miss the scorpion.
The scorpion is almost dead.
You feel sick.
The scorpion stings you but does no damage.
You punch the scorpion!
You kill the scorpion!
You feel sick.
You are no longer poisoned.
A jelly is nearby!
There is a stone staircase leading down here.
You completely miss the jelly. The jelly hits you but does no damage.
You punch the jelly!
Your hands burn!
* * * LOW HITPOINT WARNING * * *
The jelly is heavily wounded.
The jelly hits you.
* * * LOW HITPOINT WARNING * * *
You are splashed with acid!
You die...

##.###########
##<...........##
##.....######...####
#..................#
..........######...##^#
######...## ##.##
.....## #.# ######
###.# #.@.# #J### ##.
####.####.....
#...>.........
#.##.####.##.#
#.##†####.# #.........#
#..#.###### #..#.#


You could see a jelly.

Vanquished Creatures
  A phantom (D:4)
  A scorpion (D:4)
  An orc priest (D:3)
  A hound (D:4)
  An orc wizard (D:3)
  Terence (D:3)
  An adder (D:2)
  3 ribbon worms
  3 dart slugs
  8 orcs
  8 endoplasms
  4 giant cockroaches
  3 goblins
  A hobgoblin (D:1)
  5 jackals
  4 kobolds
  A quokka (D:1)
  9 ball pythons
  3 frilled lizards
  5 rats
64 creatures vanquished.

Notes
Turn   | Place    | Note
-------+----------+-------------------------------------------
     0 | D:1      | Rassilon the Demonspawn Monk began the quest for the Orb.
     0 | D:1      | Reached XP level 1. HP: 18/18 MP: 1/1
    85 | D:1      | Gained mutation: Spells you cast may paralyse adjacent
                  | enemies. [demonic ancestry]
    85 | D:1      | Reached XP level 2. HP: 13/24 MP: 2/2
   647 | D:2      | Gained mutation: When seriously injured, your blood forms
                  | armour. (AC +6) [demonic ancestry]
   647 | D:2      | Reached XP level 3. HP: 27/29 MP: 3/3
   865 | D:2      | Found Yschop's Magic Scroll Boutique.
   868 | D:2      | Bought a scroll of identify for 26 gold pieces
   968 | D:2      | Found a faded altar of an unknown god.
  1306 | D:2      | Gained mutation: Your demonic aura sometimes causes spilled
                  | blood to erupt in flames. [demonic ancestry]
  1306 | D:2      | Reached XP level 4. HP: 37/37 MP: 4/4
  1625 | D:3      | Found a sparkling altar of Nemelex Xobeh.
  1646 | D:3      | Found a hazy altar of Hepliaklqana.
  2017 | D:3      | Found a runed translucent door.
  2021 | D:3      | Noticed a bullfrog
  2022 | D:3      | Noticed atomiclemming's ghost (amateur DrBe)
  2698 | D:3      | Noticed Terence
  2718 | D:3      | Killed Terence
  2719 | D:3      | Gained mutation: Spells you cast may paralyse nearby
                  | enemies. [demonic ancestry]
  2719 | D:3      | Reached XP level 5. HP: 24/42 MP: 5/5
  2982 | D:3      | Found Fibuceuc's Magic Scroll Shop.
  2990 | D:3      | Bought a scroll of identify for 20 gold pieces
  2990 | D:3      | Bought a scroll of teleportation for 30 gold pieces
  3460 | D:4      | Noticed an ogre
  3640 | D:4      | Noticed a phantom
  3667 | D:4      | Killed a phantom
  3758 | D:4      | Reached XP level 6. HP: 40/49 MP: 6/6
  3862 | D:4      | Splashed by a jelly's acid

Illustrated notes

Levels and vault maps discovered:
D:1:      dpeg_arrival_connections, layout_rooms
D:2:      layout_basic, hellmonk_ecumenical_altar_defaced_shrine, serial_shops,
          shop
D:3:      layout_loops_corners, mainiacjoe_overflow_alcove_1,
          overflow_temple_1_default, ebering_ghost_sewer_d, serial_shops,
          nicolae_shop_hallway_stairs, uniq_terence
D:4:      layout_loops_ring, temple_green

Skill      XL: |  1  2  3  4  5 |
---------------+----------------+-----
Unarmed Combat | 3 4 |  4.7
Dodging        | 3 4 |  4.1
Fighting       | 4 |  4.5

Action                     |  1- 3 |  4- 6 || total
---------------------------+-------+-------++-------
  Melee: Unarmed           |   170 |   212 ||   382
         Punch             |     5 |     5 ||    10
    Use: Scroll            |     4 |     1 ||     5
         Potion            |     1 |     2 ||     3
   Stab: Sleeping          |     4 |     4 ||     8
 Armour: Robe              |    68 |   121 ||   189
  Dodge: Dodged            |   102 |   142 ||   244
